 Dungeon Crawl Stone Soup version 0.27.1-35-g4d5d836560 (webtiles) character file.

Game seed: 11181483268956011244

70 cbfl8 the Sneak (level 4, 0/40 HPs)
             Began as a Minotaur Delver on Mar 26, 2022.
             Was a Follower of Yredelemnul.
             Succumbed to a kobold's poison
             ... on level 1 of the Dungeon.
             The game lasted 00:02:36 (902 turns).

cbfl8 the Sneak (Minotaur Delver)                    Turns: 902, Time: 00:02:37

Health: 0/40       AC:  6    Str: 17    XL:     4   Next: 4%
Magic:  3/3        EV: 10    Int:  7    God:    Yredelemnul [*.....]
Gold:   16         SH:  0    Dex: 12    Spells: 3/3 levels left

rFire    . . .     SeeInvis .   a - +0 hand axe
rCold    . . .     Faith    .   (no shield)
rNeg     . . .     Spirit   .   j - +0 scale mail
rPois    .         Reflect  .   (helmet restricted)
rElec    .         Harm     .   (no cloak)
rCorr    .         Rampage  .   (no gloves)
Will     .....                  (no boots)
Stlth    +.........             (no amulet)
HPRegen  0.13/turn              (no ring)
MPRegen  0.08/turn              (no ring)

@: lethally poisoned (0 -> -10)
A: horns 2, retaliatory headbutt
a: Renounce Religion, Animate Remains


You were on level 1 of the Dungeon.
You worshipped Yredelemnul.
Yredelemnul was aware of your devotion.
You visited 1 branch of the dungeon, and saw 5 of its levels.

You collected 16 gold pieces.

Inventory:

Hand Weapons
 a - a +0 hand axe (weapon)
Armour
 b - a +0 leather armour
 j - a +0 scale mail (worn)
Wands
 g - a wand of digging (3)
Scrolls
 c - a scroll of fog
 d - a scroll of immolation {unknown}
 e - 2 scrolls of fear
 h - 2 scrolls of identify {unknown}
 k - a scroll of teleportation {unknown}
Potions
 f - a potion of attraction {unknown}


   Skills:
 + Level 4.0 Fighting
 + Level 2.9 Axes
 + Level 0.6 Armour
 + Level 2.5 Dodging
 + Level 4.9 Stealth


You had 3 spell levels left.
You didn't know any spells.
Your spell library was empty.

Dungeon Overview and Level Annotations

Branches:
Dungeon (5/15)             Temple (0/1) D:5

Altars:
Yredelemnul

Annotations:
D:5 Pikel


Innate Abilities, Weirdness & Mutations

You have a pair of horns on your head.
You reflexively headbutt those who attack you in melee.


Message History

It was a potion of heal wounds.
You feel much better.
You feel very sick. The hobgoblin hits you.
The kobold hits you with a +2 whip of venom.
You are more poisoned.
You feel much better.
You feel extremely sick.
The hobgoblin hits you but does no damage.
The kobold closely misses you.
You closely miss the kobold. You hit the hobgoblin but do no damage.
You feel extremely sick. The hobgoblin hits you.
The kobold hits you but does no damage.
You are lethally poisoned!
You closely miss the kobold. You hit the hobgoblin.
You kill the hobgoblin!
Yredelemnul accepts your kill.
You feel extremely sick. The kobold misses you.
You barely miss the kobold. You headbutt the kobold.
You kill the kobold!
Yredelemnul accepts your kill.
You hit the rat.
* * * LOW HITPOINT WARNING * * *
You feel extremely sick. The rat bites you but does no damage.
You barely miss the rat.
The rat is severely wounded.
* * * LOW HITPOINT WARNING * * *
You feel very sick. The rat barely misses you.
The rat bites you but does no damage.
You barely miss the rat.
The rat is severely wounded.
* * * LOW HITPOINT WARNING * * *
You feel very sick. The rat closely misses you.
You slash the rat!
You kill the rat!
Yredelemnul accepts your kill.
You die...
Your body rises from the dead as a mindless zombie.

#...........#####.†#
#.⌠...<...⌠.#......#
#...........######>#
#...........# #.#
####..#..#### #.#
##...## #.# ##.....#
#.# #....##.# ..#
#.@)## .# ### #..##
# #.)†.....#
#.#..##### #....##
#...#!# .....#.#
#.### #.# .. #.#


There were no monsters in sight!

Vanquished Creatures
  A bullfrog skeleton (D:5)
  An ufetubus (D:4)
  2 dart slugs (D:2)
  An endoplasm (D:1)
  A giant cockroach (D:2)
  3 goblins
  4 hobgoblins
  4 jackals (D:2)
  3 ball pythons
  4 bats
  A frilled lizard (D:2)
  6 kobolds
  5 rats
36 creatures vanquished.

Notes
Turn   | Place    | Note
-------+----------+-------------------------------------------
     0 | D:5      | cbfl8 the Minotaur Delver began the quest for the Orb.
     0 | D:5      | Reached XP level 1. HP: 19/19 MP: 0/0
    56 | D:5      | Reached XP level 2. HP: 23/27 MP: 1/1
   102 | D:5      | Noticed Pikel
   102 | D:5      | Noticed a lemure
   103 | D:5      | Noticed a lemure
   103 | D:5      | Noticed a lemure
   103 | D:5      | Noticed a lemure
   165 | D:4      | Reached XP level 3. HP: 25/33 MP: 2/2
   272 | D:3      | Found a basalt altar of Yredelemnul.
   298 | D:3      | Became a worshipper of Yredelemnul the Dark
   835 | D:1      | Reached * piety under Yredelemnul
   893 | D:1      | Reached XP level 4. HP: 20/40 MP: 3/3
   894 | D:1      | HP: 2/40 [kobold (5)]
   902 | D:1      | Succumbed to a kobold's poison

Illustrated notes

Levels and vault maps discovered:
D:1:      dpeg_arrival_arbitrary_c, layout_rooms,
          hellmonk_ecumenical_altar_arch_garden, corexii_corridor_pit
D:2:      layout_basic
D:3:      layout_loops_ring, grunt_nemelex_the_gamble,
          yredelemnul_altar_generic, lemuel_doored_altar, elyvilon_altar_5,
          serial_shops, shop_fountains
D:4:      due_chaos_kobolds, layout_rooms, lemuel_crystal_altar,
          chequers_serial_rivers_small_3, amcnicky_mini_rare_corridor_liquid,
          kennysheep_generic_room_4
D:5:      layout_loops_ring, trog_wizard, minmay_temple_entry_steel_oval,
          palyth_stone_intersect, st_stairs_5, uniq_pikel

Skill      XL: |  1  2  3 |
---------------+----------+-----
Fighting       | 4 |  4.0
Axes           | |  2.9
Armour         | |  0.6
Dodging        | |  2.5
Stealth        | |  4.9

Action                   |  1- 3 |  4- 6 || total
-------------------------+-------+-------++-------
Melee: Hand axe          |    57 |     7 ||    64
       Headbutt          |    10 |     2 ||    12
  Use: Scroll            |     1 |       ||     1
       Potion            |     1 |     2 ||     3
 Stab: Sleeping          |     2 |       ||     2
Armor: Scale mail        |    15 |     4 ||    19
       Leather armour    |     6 |       ||     6
Dodge: Dodged            |    45 |     5 ||    50
